 Dungeon Crawl Stone Soup version 0.20.1-1-g8b1a95d66d (webtiles) character file.

107 Kisielow the Changer (level 4, -3/32 HPs)
             Began as a Merfolk Transmuter on July 2, 2017.
             Slain by a gnoll
             ... wielding a +0 spear
              (9 damage)
             ... on level 3 of the Dungeon on Nov 20, 2017.
             The game lasted 00:03:44 (2679 turns).

Kisielow the Changer (Merfolk Transmuter)           Turns: 2679, Time: 00:03:45

Health: -3/32      AC:  2    Str: 10    XL:     4   Next: 86%
Magic:  4/7        EV: 21    Int: 13    God:
Gold:   95         SH:  0    Dex: 19    Spells: 3/7 levels left

rFire    . . .     SeeInvis .     - Unarmed
rCold    . . .     Gourm    .   (shield currently unavailable)
rNeg     . . .     Faith    .   (armour currently unavailable)
rPois    x         Spirit   .   (helmet currently unavailable)
rElec    .         Reflect  .   (cloak currently unavailable)
rCorr    .         Harm     .   (gloves currently unavailable)
MR       .....                  (boots currently unavailable)
Stlth    ++........             (no amulet)
Regen    0.1/turn               (no ring)
MPRegen  0.1/turn               (no ring)

@: spider-form
A: (change form in water), (swift swim), (stealthy swim)
a: End Transformation


You were on level 3 of the Dungeon.
You were not hungry.
You were a venomous arachnid creature.
You visited 1 branch of the dungeon, and saw 3 of its levels.

You collected 95 gold pieces.

Inventory:

Missiles
 a - 64 arrows
Armour
 b - a +0 robe (melded)
Jewellery
 s - a cursed amulet of inaccuracy {unknown}
Wands
 q - a wand of disintegration (16/24)
Scrolls
 f - a scroll of teleportation {unknown}
 g - 2 scrolls of recharging {unknown}
 h - 3 scrolls of identify {unknown}
 m - a scroll of fog {unknown}
 o - a scroll of random uselessness {unknown}
Potions
 e - 2 potions of curing {unknown}
 j - 2 potions of resistance {unknown}
 k - a potion of magic {unknown}
 l - a potion of mutation {unknown}
 n - a potion of cancellation {unknown}
 p - a potion of invisibility {unknown}
Books
 c - a book of Changes

   Spells                             Type                      Level
   a - Beastly Appendage              Transmutation                1
   b - Sticks to Snakes               Transmutation                2
   c - Spider Form                    Transmutation/Poison         3
   d - Ice Form                       Ice/Transmutation            4
   e - Blade Hands                    Transmutation                5
Comestibles
 d - 2 bread rations
 i - 2 fruits
 r - a chunk of flesh


   Skills:
 - Level 1.1 Fighting
 - Level 2.6 Dodging
 - Level 4.5 Unarmed Combat
 - Level 2.0 Spellcasting
 * Level 5.2 Transmutations


You had 3 spell levels left.
You knew the following spells:

 Your Spells              Type           Power        Failure   Level  Hunger
a - Beastly Appendage     Tmut           ##....       11%         1    ##.....
q - Spider Form           Tmut/Pois      #.........   47%         3    ####...


Dungeon Overview and Level Annotations

Branches:
Dungeon (3/15)

Altars:


Message History

A gnoll comes into view. It is wielding a spear.
Casting: Spider Form
Confirm with . or Enter, or press ? or * to list all spells.
You turn into a venomous arachnid creature.
Your +0 robe melds into your body.
The gnoll shouts! x2
A gnoll comes into view. It is wielding a whip.
The gnoll hits you from afar with a spear!
The gnoll hits you with a spear.
You barely miss the gnoll. The gnoll hits you with a spear!
The gnoll closely misses you. The gnoll misses you.
You hit the gnoll.
The gnoll is poisoned.
The gnoll is moderately wounded.
The gnoll completely misses you.
The gnoll hits you from afar with a spear!
* * * LOW HITPOINT WARNING * * *
The gnoll misses you. The gnoll misses you. x2
The gnoll hits you from afar with a spear!
You die...

# .# #
##############.#...
........./...g.....
...........gg#
######.####.#
#....รท<..##s#
#.###..#.##.#
#..#.##.# ##.# ##.#
..# ... #.# ### ...
...


You could see 3 gnolls.

Vanquished Creatures
  4 adders (D:2)
  2 oozes (D:2)
  A worm (D:2)
  4 dart slugs
  6 bats (D:1)
  4 giant cockroaches
  6 goblins (D:1)
  7 hobgoblins
  A quokka (D:2)
  7 frilled lizards
  4 kobolds
  7 rats
53 creatures vanquished.

Notes
Turn   | Place    | Note
-------+----------+-------------------------------------------
     0 | D:1      | Kisielow the Merfolk Transmuter began the quest for the Orb.
     0 | D:1      | Reached XP level 1. HP: 15/15 MP: 3/3
   141 | D:1      | Reached XP level 2. HP: 18/21 MP: 5/5
   142 | D:1      | Upgraded the game from 0.20.0-15-g7f486f2 to 0.20.1-1-g8b1a95d66d
   702 | D:1      | Reached XP level 3. HP: 23/26 MP: 6/6
   707 | D:1      | Learned a level 3 spell: Spider Form
   869 | D:1      | Reached skill level 3 in Transmutations
  1496 | D:2      | Reached skill level 4 in Transmutations
  1496 | D:2      | Reached XP level 4. HP: 21/32 MP: 7/7
  2240 | D:2      | Reached skill level 5 in Transmutations
  2679 | D:3      | Slain by a gnoll

Skill      XL: |  1  2  3  4 |
---------------+-------------+-----
Unarmed Combat | 4 |  4.5
Transmutations | 4 5 |  5.2
Fighting       | |  1.1
Dodging        | |  2.6
Spellcasting   | |  2.0

Action                   |  1- 3 |  4- 6 || total
-------------------------+-------+-------++-------
Melee: Unarmed           |   108 |    79 ||   187
       Punch             |     2 |     2 ||     4
 Cast: Spider Form       |       |     4 ||     4
 Stab: Sleeping          |       |     3 ||     3
  Eat: Chunk             |     2 |     4 ||     6
Armor: Robe              |    21 |     7 ||    28
Dodge: Dodged            |    60 |    48 ||   108
